 Dungeon Crawl Stone Soup version 0.28.0-53-g5a82cb258f (webtiles) character file.

Game seed: 5721030469928163287

2135 kudzoo the Insei (level 9, -5/70 HPs)
             Began as a Pale Draconian Transmuter on July 15, 2022.
             Was an Initiate of Wu Jian.
             Succumbed to a hornet's poison
             ... on level 8 of the Dungeon.
             The game lasted 01:11:19 (3084 turns).

kudzoo the Insei (Pale Draconian Transmuter)        Turns: 3084, Time: 01:11:19

Health: -5/70      AC:  7    Str: 16    XL:     9   Next: 9%
Magic:  16/16      EV: 13    Int: 14    God:    Wu Jian [......]
Gold:   282        SH:  0    Dex: 14    Spells: 15/18 levels left

rFire   . . .      SeeInvis .     - Unarmed
rCold   . . .      Faith    .   (no shield)
rNeg    . . .      Spirit   .   (armour unavailable)
rPois   .          Reflect  .   (helmet restricted)
rElec   .          Harm     .   (no cloak)
rCorr   .          Rampage  .   (no gloves)
Will    .....                   (no boots)
Stlth   ++........              j - amulet of regeneration
HPRegen 1.01/turn               (no ring)
MPRegen 0.15/turn               (no ring)

@: lethally poisoned (-5 -> -14), slowed, very slow
A: breathe steam, AC +7, unfitting armour, cold-blooded, steam resistance,
strong 1
a: Breathe Steam, Renounce Religion


You were on level 8 of the Dungeon.
You worshipped Wu Jian.
Wu Jian was noncommittal.
You visited 1 branch of the dungeon, and saw 9 of its levels.
You also visited: Sewer and Ossuary.

You collected 282 gold pieces.

Inventory:

Hand Weapons
 a - a +0 hunting sling
 b - a +0 dagger
 d - a +0 whip
 i - a +0 spear
 l - a +0 flail
 m - a +0 halberd
 p - a +0 war axe
 K - the +3 hand axe of Zinla {venom, rElec}
   (You found it on level 7 of the Dungeon)

   It poisons the flesh of those it strikes.
   rElec:     It insulates you from electricity.
 M - a +3 flail
 P - a +0 shortbow
Missiles
 c - 155 stones
 e - 22 poisoned darts
 g - 19 sling bullets
 k - 2 javelins
 L - a throwing net
 Q - 14 arrows
Armour
 s - a +0 kite shield
 N - the +0 cloak of Boredom {rN++ Dex-4 Slay+3}
   (You found it on level 8 of the Dungeon)

   Dex:       It affects your dexterity (-4).
   Slay:      It affects your accuracy & damage with ranged weapons and melee
   (+3).
   rN:        It greatly protects you from negative energy.
Jewellery
 j - an amulet of regeneration (around neck)
 G - an amulet of guardian spirit
Wands
 v - a wand of iceblast (6)
 x - a wand of flame (24)
 H - a wand of paralysis (18)
 J - a wand of acid (9)
Scrolls
 h - 4 scrolls of teleportation
 q - 2 scrolls of immolation {unknown}
 r - 2 scrolls of enchant weapon {unknown}
 u - a scroll of vulnerability {unknown}
 y - 2 scrolls of fear {unknown}
 z - 2 scrolls of amnesia {unknown}
 E - a scroll of noise {unknown}
 F - a scroll of blinking {unknown}
 R - a scroll of magic mapping
Potions
 f - a potion of brilliance
 n - 2 potions of cancellation {unknown}
 o - a potion of invisibility
 t - a potion of might
 w - a potion of degeneration
 A - 3 potions of curing
 B - 3 potions of attraction
 C - a potion of lignification
 D - a potion of heal wounds
 I - a potion of ambrosia
 O - 2 potions of resistance {unknown}


   Skills:
 + Level 3.3 Fighting
 + Level 1.0 Slings
 + Level 4.0 Dodging
 + Level 2.8 Stealth
 + Level 7.7 Unarmed Combat
 + Level 5.0 Spellcasting
 * Level 5.8 Transmutations


You had 15 spell levels left.
You knew the following spells:

 Your Spells              Type           Power      Damage    Failure   Level
a - Beastly Appendage     Tmut           38%        N/A       1%          1
b - Wereblood             Tmut           19%        N/A       2%          2

Your spell library contained the following spells:

 Spells                   Type           Power      Damage    Failure   Level
 Passwall                 Tmut/Erth      9%         N/A       9%          2
 Spider Form              Tmut/Pois      11%        N/A       16%         3
 Animate Skeleton         Necr           6%         N/A       17%         1
 Pain                     Necr           12%        1d4       17%         1
 Ensorcelled Hibernation  Hex/Ice        6%         N/A       26%         2
 Swiftness                Air            3%         N/A       45%         3
 Tukima's Dance           Hex            3%         N/A       45%         3
 Vampiric Draining        Necr           3%         2d6       45%         3
 Ice Form                 Ice/Tmut       11%        N/A       47%         4
 Anguish                  Hex/Necr       1%         N/A       86%         4
 Enfeeble                 Hex            1%         N/A       100%        7


Dungeon Overview and Level Annotations

Branches:
Dungeon (9/15)             Temple (0/1) D:7           Sewer (visited)
Ossuary (visited)
   Lair: D:8-11         Orc: D:9-12

Altars:
Hepliaklqana
Okawaru
Wu Jian

Shops:
D:4 ??[:   D:5 *   D:7 *

Annotations:
D:6 Dowan, Duvessa, Grinder
D:7 Joseph


Innate Abilities, Weirdness & Mutations

You can breathe blasts of scalding, opaque steam.
Your pale cyan-grey scales are hard. (AC +7)
You cannot fit into any form of body armour.
You are cold-blooded and may be slowed by cold attacks.
You are immune to the effects of steam.
Your muscles are strong. (Str +2)


Message History

You can move again.
You barely miss the hornet. You claw the hornet, but do no damage.
Your headbutt misses the hornet.
The hornet is heavily wounded.
You feel very sick. The hornet misses you. The hornet stings you!
You are more poisoned.
You feel as though you will be slow longer.
Press: ? - help, v - describe, . - travel
Here: a hornet (heavily wounded)
The floor.
You feel much better.
You feel extremely sick. The hornet closely misses you. The hornet stings you!
You are more poisoned.
You feel as though you will be slow longer.
Throw: 23 darts (poison)
Press: ? - help, Q - select action, (/) - cycle Shift-Dir - straight line, f - hornet
Aim: a hornet (heavily wounded, 44% to hit)
You throw a poisoned dart.
The poisoned dart closely misses the hornet.
You feel extremely sick. The hornet barely misses you.
The hornet closely misses you.
You feel very sick. The hornet completely misses you. The hornet misses you.
Your horns disappear.
Your talons disappear.
You feel very sick.
The hornet stings you but does no damage.
The hornet barely misses you. x2
There is a stone staircase leading up here.
You feel very sick. The hornet stings you!
* * * LOW HITPOINT WARNING * * *
You feel as though you will be slow longer.
The hornet stings you.
* * * LOW HITPOINT WARNING * * *
You are more poisoned.
You feel as though you will be slow longer.
You climb upwards.
You die...

##.###.# #######.....#.#
#..# #.###..#..........#
#.## #....#.#.....######
###.#######........##
.................)###
..........####....))#
..........# #..#>#)##
[..).....#####..y.#..###..#
................@..........
.........###.##..###.##.###
.........# #. #..# ... #
.........# . #... .###
########## ##.. .. ..# #.#.
#. #.# #... .# #..#######
##... .. ####.## ##.......
. .. .....#


You could see a hornet.

Vanquished Creatures
  A centaur zombie (D:5)
  A steam dragon (D:8)
  Pargi (Sewer)
  A sky beast (D:8)
  2 ice beasts
  A black bear (D:3)
  A centaur (D:8)
  A phantom (D:4)
  2 kobold brigands
  2 bullfrogs (D:7)
  2 scorpions
  2 water moccasin zombies (D:5)
  A wight (Ossuary)
  3 howler monkeys
  An orc priest (D:8)
  A centaur skeleton (D:7)
  2 orc wizards
  A killer bee zombie (D:4)
  3 hound zombies (D:5)
  10 gnolls
  An adder (D:6)
  2 white imps
  An ufetubus (D:5)
  An adder skeleton (D:4)
  An adder zombie (Ossuary)
  2 worms (D:3)
  A dart slug (D:5)
  18 orcs
  A ball python (D:1)
  An endoplasm (D:3)
  2 giant cockroaches
  3 goblins
  3 hobgoblins
  2 jackals (D:3)
  12 kobolds
  2 quokkas (D:1)
  2 ball python skeletons (Ossuary)
  5 bats (Sewer)
  2 frilled lizards
  3 hobgoblin zombies (Ossuary)
  A kobold zombie (Ossuary)
  An orc skeleton (Ossuary)
  A quokka skeleton (D:4)
  4 rats
111 creatures vanquished.

Vanquished Creatures (others)
  An orc wizard (D:8)
  2 orcs (D:8)
3 creatures vanquished.

Grand Total: 114 creatures vanquished

Notes
Turn   | Place    | Note
-------+----------+-------------------------------------------
     0 | D:1      | kudzoo the Draconian Transmuter began the quest for the
                  | Orb.
     0 | D:1      | Reached XP level 1. HP: 16/16 MP: 3/3
   277 | D:1      | Reached XP level 2. HP: 19/23 MP: 3/5
   376 | D:1      | Found a faded altar of an unknown god.
   484 | D:3      | Found a glowing drain.
   543 | Sewer    | Entered a sewer
   582 | Sewer    | Noticed Pargi
   590 | Sewer    | Killed Pargi
   591 | Sewer    | Reached skill level 1 in Stealth
   591 | Sewer    | Reached skill level 4 in Unarmed Combat
   591 | Sewer    | Reached XP level 3. HP: 28/28 MP: 4/6
   591 | Sewer    | Reached XP level 4. HP: 35/35 MP: 4/7
   742 | D:3      | Reached XP level 5. HP: 34/40 MP: 7/9
   876 | D:3      | Noticed a black bear
   886 | D:3      | Killed a black bear
   887 | D:3      | Reached XP level 6. HP: 45/47 MP: 8/10
   919 | D:4      | Reached skill level 5 in Unarmed Combat
  1079 | D:5      | Entered Level 5 of the Dungeon
  1081 | D:5      | Found Fauroask's Neck Hole.
  1218 | D:5      | Your scales start taking on a pale cyan-grey colour.
  1218 | D:5      | Reached XP level 7. HP: 53/53 MP: 12/12
  1218 | D:5      | Gained mutation: You are immune to the effects of steam.
                  | [Pale Draconian growth]
  1231 | D:5      | Reached skill level 6 in Unarmed Combat
  1268 | D:5      | Found a sand-covered staircase.
  1275 | D:5      | Learned a level 2 spell: Wereblood
  1276 | Ossuary  | Entered an ossuary
  1396 | Ossuary  | Noticed a wraith
  1396 | Ossuary  | Noticed a flying skull
  1404 | Ossuary  | Noticed a flying skull
  1407 | Ossuary  | Noticed a flying skull
  1443 | Ossuary  | Noticed a wraith
  1452 | Ossuary  | Noticed a flying skull
  1522 | D:5      | Reached skill level 1 in Slings
  1560 | D:5      | Identified the +2 robe of Idealism {+Inv rF++ rN+++ Dex-4}
  1582 | D:5      | Reached XP level 8. HP: 62/62 MP: 12/14
  1698 | D:4      | Found Oqapenac's Magic Scroll Boutique.
  1712 | D:4      | Found Ahioc's Magic Scroll Shop.
  1758 | D:4      | Found Yloireda's Antique Armour Boutique.
  1804 | D:4      | Found Dyerghul's Book Shop.
  2028 | D:6      | Noticed Grinder
  2031 | D:6      | Paralysed by Grinder for 6 turns
  2079 | D:6      | Noticed Duvessa
  2101 | D:6      | Reached skill level 7 in Unarmed Combat
  2184 | D:6      | Noticed Dowan
  2327 | D:6      | Gained mutation: You are clumsy. (Dex -2) [potion of
                  | mutation]
  2327 | D:6      | Lost mutation: You are clumsy. (Dex -2) [potion of
                  | mutation]
  2327 | D:6      | Gained mutation: Your muscles are strong. (Str +2) [potion
                  | of mutation]
  2442 | D:7      | Noticed Joseph
  2475 | D:7      | Reached skill level 5 in Transmutations
  2516 | D:7      | Identified the +3 hand axe of Zinla {venom, rElec}
  2649 | D:7      | Found a hazy altar of Hepliaklqana.
  2655 | D:7      | Found Nokeyni's Island Escapes.
  2679 | D:7      | Found an ornate altar of the Wu Jian Council.
  2679 | D:7      | Found an iron altar of Okawaru.
  2687 | D:7      | Became a worshipper of the Wu Jian Council
  2707 | D:7      | Found a staircase to the Ecumenical Temple.
  2802 | D:8      | Identified the +0 cloak of Boredom {rN++ Dex-4 Slay+3}
  2888 | D:8      | Reached XP level 9. HP: 29/70 MP: 13/16
  3028 | D:8      | Reached skill level 5 in Spellcasting
  3075 | D:9      | Paralysed by a hornet for 3 turns
  3083 | D:9      | HP: 2/70 [hornet (13)]
  3084 | D:8      | Succumbed to a hornet's poison

Illustrated notes

Levels and vault maps discovered:
D:1:      dpeg_arrival_arbitrary_b, layout_basic,
          shapermc_ecumenical_altar_ellora
D:2:      layout_basic, uniq_jessica
D:3:      layout_rooms, zin_angel, cheibrodos_sewer_entry_bend
D:4:      layout_rooms, serial_shops, shop, nicolae_shop_behind_doors,
          nicolae_shop_advertising_works [nicolae_subvault_shop_adworks],
          shop_statue
D:5:      layout_rooms, enter_ossuary_5, minmay_stone_trees_medium,
          nicolae_shop_sticking_my_neck_out
D:6:      layout_loops_ring, slow_altar_2, uniq_pikel, uniq_duvessa,
          uniq_grinder
D:7:      layout_basic, mainiacjoe_overflow_alcove_1,
          mainiacjoe_overflow_small_starburst,
          chequers_temple_overflow_statue_of_worship, lemuel_doored_altar,
          minmay_temple_entry_trees, roderic_lattice_a, minivault_27,
          hex_intersection, minmay_misc_feat_roman, amethyst_killhole,
          nicolae_island_escapes, uniq_joseph, uniq_prince_ribbit1
D:8:      layout_rooms, grunt_temple_overflow_holy_war
D:9:      layout_stronghold, mainiacjoe_overflow_24_doors,
          minmay_statue_crystal_thing

Skill      XL: |  1  2  3  4  5  6  7  8  9 |
---------------+----------------------------+-----
Dodging        | 2 3 4 |  4.0
Stealth        | 1 2 |  2.8
Unarmed Combat | 4 5 6 7 |  7.7
Spellcasting   | 3 4 5 |  5.0
Transmutations | 3 5 |  5.8
Fighting       | 2 3 |  3.3
Slings         | 1 |  1.0

Action                   |  1- 3 |  4- 6 |  7- 9 || total
-------------------------+-------+-------+-------++-------
Melee: Unarmed           |    56 |   110 |   265 ||   431
       Headbutt          |     8 |    16 |    31 ||    55
       Tailslap          |     6 |    17 |    29 ||    52
       Kick              |    10 |    28 |    59 ||    97
       Punch             |     2 |     3 |    12 ||    17
 Fire: Hunting sling     |       |     2 |       ||     2
Throw: Dart              |       |       |     2 ||     2
 Cast: Beastly Appendage |    14 |    14 |    39 ||    67
       Wereblood         |       |       |     6 ||     6
Invok: Lunge             |       |       |     7 ||     7
  Use: Potion            |     1 |       |     3 ||     4
       Scroll            |       |       |    11 ||    11
 Stab: Sleeping          |     2 |     2 |     5 ||     9
       Distracted        |       |       |     1 ||     1
Armor: Skin              |    15 |    24 |    64 ||   103
Dodge: Dodged            |    23 |    62 |   162 ||   247
